 Dungeon Crawl Stone Soup version 0.28.0-53-g5a82cb258f (webtiles) character file.

Game seed: 4908431916781430889

3513 MiltankisOP the Spear-Bearer (level 10, -4/80 HPs)
             Began as a Merfolk Gladiator on July 8, 2022.
             Was a Follower of Uskayaw.
             Killed from afar by an acid dragon (25 damage)
             ... with a splash of acid
             ... on level 8 of the Dungeon.
             The game lasted 00:18:28 (8635 turns).

MiltankisOP the Spear-Bearer (Merfolk Gladiator)    Turns: 8635, Time: 00:18:28

Health: -4/80      AC:  5    Str: 15    XL:     10   Next: 8%
Magic:  15/15      EV: 14    Int:  8    God:    Uskayaw [*.....]
Gold:   481        SH:  0    Dex: 19    Spells: 9/9 levels left

rFire   . . .      SeeInvis .   a - +0 trident
rCold   . . .      Faith    +   (no shield)
rNeg    . . .      Spirit   .   r - +1 scale mail {rPois}
rPois   +          Reflect  .   c - +0 helmet
rElec   .          Harm     .   C - +0 cloak
rCorr   .          Rampage  .   (no gloves)
Will    .....                   (no boots)
Stlth   ..........              m - amulet of faith
HPRegen 0.23/turn               (no ring)
MPRegen 0.14/turn               (no ring)

@: corroded, studying Staves
A: (nimble swimmer 2), mertail
a: Renounce Religion, Stomp


You were on level 8 of the Dungeon.
You worshipped Uskayaw.
Uskayaw was noncommittal.
You visited 1 branch of the dungeon, and saw 8 of its levels.
You also visited: Sewer.

You collected 481 gold pieces.

Inventory:

Hand Weapons
 a - a +0 trident (weapon)
Missiles
 i - 4 javelins (quivered)
 w - 3 boomerangs
 y - 4 silver boomerangs
Armour
 b - a +0 leather armour
 c - a +0 helmet (worn)
 r - a +1 scale mail of poison resistance (worn)
 C - a +0 cloak (worn)
Jewellery
 m - an amulet of faith (around neck)
 q - a +6 ring of intelligence
 t - a ring of fire
 u - an amulet of reflection
 v - a ring of ice
 L - a ring of fire
Wands
 k - a wand of flame (26)
Scrolls
 d - a scroll of immolation {unknown}
 e - 7 scrolls of identify {unknown}
 g - 4 scrolls of teleportation
 j - a scroll of brand weapon {unknown}
 n - 2 scrolls of holy word {unknown}
 x - a scroll of magic mapping {unknown}
 A - a scroll of vulnerability {unknown}
 D - a scroll of enchant weapon {unknown}
 E - 3 scrolls of fog {unknown}
 H - 2 scrolls of noise {unknown}
 I - a scroll of acquirement {unknown}
 J - 2 scrolls of fear {unknown}
 K - 2 scrolls of enchant armour {unknown}
 M - a scroll of blinking {unknown}
Potions
 f - 4 potions of curing {unknown}
 h - 2 potions of haste {unknown}
 l - 2 potions of cancellation {unknown}
 o - 2 potions of attraction {unknown}
 p - 4 potions of heal wounds {unknown}
 s - a potion of invisibility {unknown}
 z - a potion of magic {unknown}
 B - 2 potions of flight {unknown}
 F - a potion of brilliance {unknown}
 G - a potion of resistance {unknown}


   Skills:
 + Level 8.0 Fighting
 - Level 11.0 Polearms
 - Level 2.1 Throwing
 - Level 10.0 Dodging
 + Level 7.5 Invocations


You had 9 spell levels left.
You didn't know any spells.
Your spell library contained the following spells:

 Spells                   Type           Power      Damage    Failure   Level
 Corpse Rot               Necr/Air       0%         N/A       95%         2
 Poisonous Vapours        Pois/Air       0%         N/A       95%         2
 Stone Arrow              Conj/Erth      0%         3d7       99%         3
 Animate Armour           Summ/Erth      0%         N/A       100%        4
 Summon Lightning Spire   Summ/Air       0%         N/A       100%        4
 Storm Form               Tmut/Air       0%         N/A       100%        7
 Lehudib's Crystal Spear  Conj/Erth      0%         10d2      100%        8
 Maxwell's Capacitive Co  Air            0%         ∞         100%        8


Dungeon Overview and Level Annotations

Branches:
Dungeon (8/15)             Temple (0/1) D:4           Sewer (visited)
   Lair: D:8-11

Altars:
Dithmenos
Trog
Uskayaw
Vehumet
Beogh

Shops:
D:1 *

Portals:
Abyss: D:5

Annotations:
D:5 2 transporters, selky's ghost, amateur MiMo
D:6 3 runed translucent doors, Soldner's ghost, novice MiFi


Innate Abilities, Weirdness & Mutations

((You are very nimble when in or above water. (Stealth+, EV+, Speed+++)))
Your lower body shifts to a powerful aquatic tail in water.


Message History

A catoblepas comes into view.
The catoblepas bellows!
The catoblepas breathes a plume of calcifying dust at you.
The blast of calcifying dust hits you.
The catoblepas moves out of view.
Throw: 5 javelins
Press: ? - help, Q - select action, (/) - cycle Shift-Dir - straight line, f - catoblepas
Aim: a catoblepas (calcifying dust, 91% to hit)
You throw a javelin.
The javelin pierces through the catoblepas.
The catoblepas is lightly wounded.
The catoblepas gores you!!
There is an open door here.
There is an open door here.
As you read the scroll of teleportation, it crumbles to dust.
You feel strangely unstable.
The catoblepas breathes a plume of calcifying dust at you.
The blast of calcifying dust hits you.
Your surroundings suddenly seem different.
An acid dragon comes into view.
Found a ring mail and a scroll of teleportation.
The acid dragon roars!
The acid dragon spits acid at you. The splash of acid hits you!!
The acid corrodes you! The acid dragon bites you!
* * * LOW HITPOINT WARNING * * *
The acid dragon barely misses you.
You closely miss the acid dragon.
You hit the acid dragon but do no damage.
The acid dragon completely misses you. The acid dragon claws you.
* * * LOW HITPOINT WARNING * * *
You completely miss the acid dragon.
You punch the acid dragon, but do no damage.
The acid dragon misses you.
The acid dragon claws you but does no damage.
You closely miss the acid dragon. The acid dragon closely misses you.
The acid dragon barely misses you.
You hit the acid dragon but do no damage.
The acid dragon spits acid at you. The splash of acid hits you!!
You die...

.)...####>.#
..#....###.#
..###....#.###
..# ##.#.#...#
. ..#
#....##.#
....#### .##
##......#
#(y..< ##
####...#######
#...y. #
#.........#
......). #
#.....D@..#
........ #
#.........#
...##### #
#.........# ..
# #.........#
. #.........#
#......?[.#
#.........#
######.####


You could see an acid dragon (catching breath).

Vanquished Creatures
  A two-headed ogre (D:7)
  Pikel (D:5)
  A steam dragon (D:8)
  Edmund (D:5)
  2 ice beasts
  A sky beast (D:7)
  3 necrophages
  2 ogres
  A black bear (D:3)
  A centaur (D:7)
  3 phantoms
  2 kobold brigands (Sewer)
  A lemure (D:5)
  4 scorpions
  A killer bee (D:7)
  A centaur zombie (D:4)
  A jelly (D:8)
  A centaur skeleton (D:6)
  A bullfrog skeleton (D:7)
  4 orc priests
  Jessica (D:2)
  Ijyb (D:5)
  Terence (D:2)
  3 orc wizards
  A scorpion zombie (D:5)
  An iguana (D:5)
  A killer bee zombie (D:8)
  Robin (D:2)
  7 gnolls
  6 adders
  A shadow imp (D:7)
  2 worms (D:2)
  4 dart slugs
  19 orcs
  6 ball pythons
  10 endoplasms
  3 giant cockroaches
  11 goblins
  9 hobgoblins
  6 jackals (D:2)
  3 quokkas
  4 bats
  6 frilled lizards
  11 kobolds
  8 rats
159 creatures vanquished.

Notes
Turn   | Place    | Note
-------+----------+-------------------------------------------
     0 | D:1      | MiltankisOP the Merfolk Gladiator began the quest for the
                  | Orb.
     0 | D:1      | Reached XP level 1. HP: 16/16 MP: 1/1
   208 | D:1      | Reached XP level 2. HP: 15/23 MP: 2/2
   674 | D:1      | Reached skill level 5 in Polearms
   737 | D:1      | Found Plog's General Store.
   745 | D:1      | Reached XP level 3. HP: 28/28 MP: 3/3
  1011 | D:2      | Noticed Robin
  1039 | D:2      | Killed Robin
  1040 | D:2      | Reached skill level 5 in Dodging
  1068 | D:2      | Reached XP level 4. HP: 17/34 MP: 4/4
  1339 | D:2      | Found a faded altar of an unknown god.
  1346 | D:2      | Noticed Jessica
  1358 | D:2      | Killed Jessica
  1359 | D:2      | Reached skill level 6 in Polearms
  1472 | D:2      | You fall into a shaft and drop 1 floor!
  2006 | D:3      | Noticed Terence
  2134 | D:2      | Killed Terence
  2135 | D:2      | Reached XP level 5. HP: 19/39 MP: 5/5
  2451 | D:3      | Reached skill level 7 in Polearms
  2769 | D:3      | Found a hide-covered altar of Uskayaw.
  2831 | D:3      | Became a worshipper of Uskayaw the Reveller
  2877 | D:3      | Reached * piety under Uskayaw
  2882 | D:3      | Reached ** piety under Uskayaw
  2990 | D:3      | Reached XP level 6. HP: 38/45 MP: 6/6
  3379 | D:4      | Noticed a black bear
  3405 | D:3      | Reached *** piety under Uskayaw
  3407 | D:3      | Reached **** piety under Uskayaw
  3409 | D:3      | Killed a black bear
  3542 | D:4      | Reached skill level 8 in Polearms
  3603 | D:4      | Reached XP level 7. HP: 44/51 MP: 7/7
  3974 | D:4      | Reached skill level 9 in Polearms
  4043 | D:4      | Found a staircase to the Ecumenical Temple.
  4290 | D:5      | Entered Level 5 of the Dungeon
  4290 | D:5      | Noticed Pikel
  4325 | D:5      | Killed Pikel
  4326 | D:5      | Reached skill level 10 in Polearms
  4326 | D:5      | Reached XP level 8. HP: 14/57 MP: 1/8
  4720 | D:5      | Found a one-way gate to the infinite horrors of the Abyss.
  4720 | D:5      | Noticed selky's ghost (amateur MiMo)
  4747 | D:5      | Found a transporter.
  4747 | D:5      | Noticed a toenail golem
  4764 | D:5      | Found a shadowy altar of Dithmenos.
  4819 | D:5      | Found a transporter.
  4881 | D:5      | Noticed Edmund
  4895 | D:5      | Killed Edmund
  4982 | D:5      | Reached skill level 10 in Dodging
  5010 | D:5      | Reached skill level 11 in Polearms
  5010 | D:5      | Reached skill level 1 in Invocations
  5882 | D:5      | Noticed Ijyb
  5899 | D:5      | Killed Ijyb
  6233 | D:6      | Found a glowing drain.
  6248 | Sewer    | Entered a sewer
  6568 | D:6      | Reached XP level 9. HP: 61/66 MP: 11/11
  6864 | D:6      | Reached skill level 5 in Fighting
  6874 | D:6      | Reached ***** piety under Uskayaw
  7395 | D:6      | Found a radiant altar of Vehumet.
  7400 | D:6      | Found a runed translucent gate.
  7400 | D:6      | Found a runed translucent gate.
  7400 | D:6      | Found a runed translucent gate.
  7403 | D:6      | Noticed Soldner's ghost (novice MiFi)
  7405 | D:6      | Identified the +2 plate armour of Hubris {rF+ Dex+2}
  7695 | D:7      | Reached skill level 5 in Invocations
  7745 | D:7      | Found a bloodstained altar of Trog.
  8323 | D:8      | Noticed a two-headed ogre
  8336 | D:7      | Killed a two-headed ogre
  8352 | D:8      | Reached XP level 10. HP: 71/80 MP: 15/15
  8363 | D:8      | Reached ****** piety under Uskayaw
  8612 | D:8      | Noticed a catoblepas
  8635 | D:8      | Killed from afar by an acid dragon

Illustrated notes

Levels and vault maps discovered:
D:1:      dpeg_arrival_rooms_a, layout_basic, serial_shops, shop
D:2:      layout_loops_ring, ebering_ecumenical_altar_rust, uniq_jessica,
          uniq_robin
D:3:      layout_basic, nicolae_uskayaw_murder_on_the_dancefloor, uniq_terence
D:4:      layout_basic, minmay_temple_entry_antechambers
D:5:      layout_layer_cave, mainiacjoe_overflow_concentric_impassable,
          gammafunk_ghost_abyssal_escape, uniq_ijyb, uniq_edmund, uniq_pikel
D:6:      layout_gridville, vehumet_crystals, biasface_ghost_orc_armoury,
          cheibrodos_sewer_entry_drain, nicolae_ossuary_entry_false_entrances,
          serial_bayou_pond_d
D:7:      layout_cave_pools, trog_book
D:8:      minmay_chambers_of_sixes, layout_rooms,
          pdpol_wu_jian_five_deadly_venoms

Skill      XL: |  1  2  3  4  5  6  7  8  9 10 |
---------------+-------------------------------+-----
Polearms       | 5 6 7 8 10 11 | 11.0
Dodging        | 5 6 7 9 10 | 10.0
Invocations    | 3 7 |  7.5
Fighting       | 4 7 8 |  8.0
Throwing       | |  2.1

Action                   |  1- 3 |  4- 6 |  7- 9 | 10-12 || total
-------------------------+-------+-------+-------+-------++-------
Melee: Trident           |   112 |   220 |   386 |    30 ||   748
       Punch             |     1 |       |    10 |     2 ||    13
       Tailslap          |       |       |     5 |       ||     5
Throw: Throwing net      |       |     3 |     2 |       ||     5
       Javelin           |       |       |    13 |     1 ||    14
Invok: Stomp             |       |       |     2 |       ||     2
       Line Pass         |       |       |     1 |       ||     1
Evoke: Wand              |       |     2 |       |       ||     2
  Use: Scroll            |       |     1 |       |     1 ||     2
 Stab: Sleeping          |     1 |       |       |       ||     1
       Held in net/web   |       |     1 |     2 |       ||     3
       Paralysed         |       |     1 |    10 |     5 ||    16
       Confused          |       |       |     1 |       ||     1
       Distracted        |       |       |     2 |       ||     2
Armor: Leather armour    |    21 |    18 |       |       ||    39
       Scale mail        |       |    42 |    66 |     3 ||   111
Dodge: Dodged            |    49 |    99 |   176 |    12 ||   336
